 Dungeon Crawl Stone Soup version 0.29-a0-72-g1732ff48e7 (webtiles) character file.

Game seed: 14551541196620942560

75617 jt the Warrior (level 15, 0/91 HPs)
             Began as a Vine Stalker Fighter on Feb 3, 2022.
             Was the Champion of Trog.
             Succumbed to a naga's splash of poison
             ... on level 1 of the Snake Pit on Feb 4, 2022.
             The game lasted 00:57:36 (23066 turns).

jt the Warrior (Vine Stalker Fighter)              Turns: 23066, Time: 00:57:37

Health: 0/91       AC: 21    Str: 23    XL:     15   Next: 50%
Magic:  2/25       EV: 10    Int:  7    God:    Trog [******]
Gold:   1632       SH:  5    Dex: 15    Spells: 14/14 levels left

rFire   + . .      SeeInvis .   a - +5 quick blade (venom)
rCold   . . .      Faith    .   c - +0 buckler
rNeg    . . .      Spirit   +   T - +4 chain mail {rF+}
rPois   +          Reflect  .   (no helmet)
rElec   .          Harm     .   t - +1 cloak
rCorr   .          Rampage  .   (no gloves)
Will    +++..      Rage     50% J - +1 pair of boots
Stlth   ..........              y - necklace of Bloodlust {*Rage Will++ Int-3 Slay+6}
HPRegen 1.05/turn               O - ring of poison resistance
MPRegen 0.19/turn               S - ring of magical power

@: lethally poisoned (0 -> -3), on berserk cooldown, slowed, very slow
A: fangs 3, regeneration 1, magic shield, antimagic bite, no potion heal 2
a: Renounce Religion, Berserk, Trog's Hand, Brothers in Arms


You were on level 1 of the Snake Pit.
You worshipped Trog.
Trog was exalted by your worship.
You visited 5 branches of the dungeon, and saw 21 of its levels.
You also visited: Bailey.

You collected 1665 gold pieces.
You spent 33 gold pieces at shops.

Inventory:

Hand Weapons
 a - a +5 quick blade of venom (weapon)
 i - the +7 rapier of Imminent Death {flame, rC+ rN++ Dex-4}
   (Trog gifted it to you on level 6 of the Lair of Beasts)

   It burns those it strikes, dealing additional fire damage.
   Dex:       It affects your dexterity (-4).
   rC:        It protects you from cold.
   rN:        It greatly protects you from negative energy.
 x - a +2 dagger of speed
 I - a +3 hunting sling
 N - a +3 trident
Missiles
 e - 64 sling bullets
 g - 4 silver boomerangs
 h - 628 stones
 n - 7 curare-tipped darts
 w - 39 poisoned darts
 M - 17 boomerangs (quivered)
 P - 5 throwing nets
 R - 2 datura-tipped darts
Armour
 c - a +0 buckler (worn)
 t - a +1 cloak (worn)
 J - a +1 pair of boots (worn)
 T - a +4 chain mail of fire resistance (worn)
Jewellery
 o - a ring of positive energy
 r - an amulet of the acrobat
 s - an amulet of reflection
 y - the necklace of Bloodlust (around neck) {*Rage Will++ Int-3 Slay+6}
   (You found it on level 3 of the Dungeon)

   [amulet of nothing]

   It extends the wearer's berserk rage when killing foes.
   Int:       It affects your intelligence (-3).
   Slay:      It affects your accuracy & damage with ranged weapons and melee
   (+6).
   *Rage:     It berserks you when you make melee attacks (+50% chance).
   Will:      It greatly increases your willpower.
 A - a ring of fire
 C - a ring of resist corrosion
 L - a ring of positive energy
 O - a ring of poison resistance (left hand)
 Q - a ring of see invisible
 S - a ring of magical power (right hand)
Wands
 d - a wand of flame (63)
 j - a wand of digging (5)
 m - a wand of iceblast (7)
 G - a wand of mindburst (20)
 W - a wand of acid (4)
Scrolls
 k - 7 scrolls of fog
 l - a scroll of immolation
 p - 4 scrolls of magic mapping
 q - 6 scrolls of teleportation
 F - 11 scrolls of fear
 K - a scroll of blinking
 X - 2 scrolls of holy word
Potions
 b - 2 potions of flight
 v - 2 potions of cancellation
 z - 5 potions of invisibility
 B - 14 potions of curing
 V - 2 potions of haste
 Y - 2 potions of lignification {unknown}
 Z - a potion of might
Miscellaneous
 f - a piece from Xom's chessboard (15/15)
 E - a lightning rod (4/4)
 H - a phantom mirror


   Skills:
 + Level 16.0 Fighting
 - Level 10.5 Short Blades
 + Level 12.1 Armour
 - Level 4.0 Dodging
 - Level 6.0 Shields
 + Level 8.0 Evocations


You had 14 spell levels left.
You didn't know any spells.
Your spell library contained the following spells:

 Spells                   Type           Power      Damage    Failure   Level
 Anguish                  Hex/Necr       0%         N/A       100%        4
 Cause Fear               Hex            0%         N/A       100%        4
 Silence                  Hex/Air        0%         N/A       100%        5
 Enfeeble                 Hex            0%         N/A       100%        7


Dungeon Overview and Level Annotations

Branches:
Dungeon (11/15)            Temple (1/1) D:7            Lair (6/6) D:11
  Swamp (0/4) Lair:3        Snake (1/4) Lair:4        Slime (0/5) Lair:5
    Orc (2/2) D:10            Elf (0/3) Orc:2        Bailey (visited)

Altars:
Qazlal
Trog
Wu Jian
Beogh
Jiyva
Lugonu

Shops:
Orc:2 !([(   Snake:1 **

Portals:
Abyss: Lair:6


Innate Abilities, Weirdness & Mutations

You have razor-sharp teeth.
Your natural rate of healing is unusually fast.
When hurt, damage is shared between your health and your magic reserves.
Your bite disrupts and absorbs the magic of your enemies.
Potions cannot restore your health.


Message History

You feel sick.
The naga mage shouts!
A naga comes into view.
It is wielding a +1 scimitar of holy wrath.
The naga sharpshooter shoots a bolt.
The bolt hits you!
* * * LOW HITPOINT WARNING * * *
The naga mage mumbles some strange words.
The naga mage seems to speed up.
A naga mage comes into view.
It is wielding a +5 whip of electrocution.
The naga mage spits poison at you. The splash of poison hits you.
You are more poisoned.
You resist. Magic courses through your body.
You feel very sick.
The naga sharpshooter mumbles some strange words.
The naga mage casts a spell.
The naga mage seems to speed up.
The naga sharpshooter shoots a bolt.
The bolt hits you!!
* * * LOW HITPOINT WARNING * * *
The naga sharpshooter shoots an arrow.
The arrow hits you.
* * * LOW HITPOINT WARNING * * *
You hear a shout!
Unknown command.
Blink to where?
Press: ? - help, Dir - move target 3 naga warriors and 3 nagas come into view.
As you read the scroll of blinking, it crumbles to dust.
You feel sick.
The naga shouts!
The naga warrior shouts! x3; The naga shouts!
The naga spits poison at you.
The splash of poison hits you but does no damage.
You are lethally poisoned!
You resist.
The naga mage points at you and mumbles some strange words.
The bolt of poison hits you. You resist.
The naga sharpshooter spits poison at you.
The splash of poison hits you but does no damage.
You resist.
A naga mage comes into view. It is wielding a +2 vorpal spear.
You die...

#.....#
#.!.#.....NN...
...####
#.####N.N..###
.#.# #.
#.NN...# .....
# #......#
#..$...
#ยง....####
.......#
##.##N...#
.#.#.....
#N......#
.#.......
#.......#
######...
#@.N...##
##.N...#
>..N..# N..N..#
......# #N#.N..
N#N... .# N..


You could see 4 naga warriors, 2 naga sharpshooters, a naga ritualist, 5 naga
magi and 4 nagas.

Vanquished Creatures
  Rupert (Lair:5)
  Aizul (Snake:1)
  An orc warlord (Orc:2)
  An ettin (Orc:1)
  11 hydras
  Fannar (Lair:1)
  Harold (D:11)
  Erolcha (D:10)
  A catoblepas (Lair:4)
  2 vault guards (Bailey)
  A boulder beetle (Lair:4)
  3 anacondas (Snake:1)
  An alligator (Lair:6)
  3 two-headed ogres
  A shock serpent (Snake:1)
  2 thrashing horrors (Lair:6)
  3 orc high priests
  Nergalle (Lair:1)
  A goliath frog (shapeshifter) (Lair:6)
  Pikel (D:3)
  A lindwurm (Lair:6)
  4 orc knights
  3 wolf spiders
  An oklob plant (Orc:2)
  2 ugly things (Lair:6)
  A cyclops (D:9)
  A manticore (D:9)
  9 elephants
  2 mana vipers (Snake:1)
  14 black mambas
  A smoke demon (Lair:6)
  A naga mage (Snake:1)
  A torpor snail (Lair:2)
  7 cane toads
  A gargoyle (D:11)
  A freezing wraith (D:9)
  4 rime drakes
  2 kobold demonologists (D:9)
  8 komodo dragons
  An ancient zyme (Lair:6)
  A polar bear (Lair:2)
  3 trolls
  Prince Ribbit (Bailey)
  4 dream sheep (Lair:5)
  10 blink frogs (Lair:6)
  A blink frog (shapeshifter) (Lair:6)
  A large abomination (Lair:6)
  4 slime creatures (D:8)
  2 shadows (D:10)
  A spriggan (Lair:6)
  3 ynoxinuls (Lair:6)
  6 wyverns
  6 humans (Bailey)
  31 yaks
  A yak (shapeshifter) (D:9)
  A wraith (D:10)
  A golden eye (shapeshifter) (D:9)
  8 basilisks
  A chaos spawn (Lair:6)
  4 swamp worms (Lair:3)
  5 wargs
  20 water moccasins
  A black bear (D:11)
  42 orc warriors
  An ice beast (D:7)
  2 sky beasts
  17 wolves
  4 ogres
  6 centaurs
  A phantom (D:10)
  14 small abominations (Lair:6)
  4 kobold brigands
  30 bullfrogs
  2 gnoll sergeants
  4 scorpions
  A water moccasin zombie (D:7)
  3 killer bees
  A troll zombie (D:10)
  6 wights (D:9)
  3 howler monkeys (D:11)
  6 centaur zombies
  3 hounds
  A centaur skeleton (D:5)
  26 orc priests
  3 bullfrog skeletons
  Terence (D:2)
  Ijyb (D:4)
  5 iguanas
  Natasha (twice) (D:2)
  26 orc wizards
  4 hell rats (Lair:4)
  7 ogre zombies (D:10)
  A hound skeleton (D:4)
  A howler monkey zombie (D:9)
  15 adders
  14 gnolls
  A howler monkey skeleton (D:6)
  A white imp (D:6)
  An ufetubus (D:2)
  An adder skeleton (D:4)
  4 worms
  A dart slug (D:3)
  84 orcs
  6 bats
  9 endoplasms
  7 giant cockroaches
  14 goblins
  9 hobgoblins
  4 jackals (D:1)
  17 kobolds
  6 quokkas
  14 ball pythons
  3 frilled lizards
  4 goblin zombies (D:10)
  3 hobgoblin zombies (D:10)
  5 orc skeletons (D:10)
  13 orc zombies (D:10)
  6 rats
689 creatures vanquished.

Vanquished Creatures (collateral kills)
  A hydra (Lair:5)
1 creature vanquished.

Vanquished Creatures (others)
  An orc priest (D:8)
  38 fungi
  59 plants
  4 toadstools (D:1)
102 creatures vanquished.

Grand Total: 792 creatures vanquished

Notes
Turn   | Place    | Note
-------+----------+-------------------------------------------
     0 | D:1      | jt the Vine Stalker Fighter began the quest for the Orb.
     0 | D:1      | Reached XP level 1. HP: 11/11 MP: 2/2
   149 | D:1      | Reached XP level 2. HP: 15/16 MP: 3/3
   279 | D:1      | Got Moexiciw's Almanac of Hexes
   327 | D:1      | Reached skill level 3 in Fighting
   576 | D:1      | Reached XP level 3. HP: 8/20 MP: 2/4
  1229 | D:1      | Found a faded altar of an unknown god.
  1240 | D:1      | Prayed at the altar of an unknown god.
  1240 | D:1      | Became a worshipper of Trog the Wrathful
  1240 | D:1      | Reached * piety under Trog
  1613 | D:2      | Gained mutation: Your natural rate of healing is unusually
                  | fast. [Vine Stalker growth]
  1613 | D:2      | Reached XP level 4. HP: 22/24 MP: 3/5
  1698 | D:2      | Noticed Natasha
  1708 | D:2      | Killed Natasha
  1782 | D:2      | Noticed Terence
  1795 | D:2      | Killed Terence
  1796 | D:2      | Reached XP level 5. HP: 29/29 MP: 6/6
  2054 | D:2      | Noticed Natasha
  2066 | D:2      | Killed Natasha
  2363 | D:3      | Found the necklace of Bloodlust {*Rage Will++ Int-3 Slay+6}
  2403 | D:3      | Reached ** piety under Trog
  2556 | D:3      | Reached skill level 4 in Fighting
  2822 | D:3      | Noticed a sky beast
  2825 | D:3      | Killed a sky beast
  2826 | D:3      | Reached XP level 6. HP: 30/33 MP: 4/7
  3376 | D:4      | Noticed Pikel
  3378 | D:4      | Reached XP level 7. HP: 38/38 MP: 8/8
  3387 | D:3      | Killed Pikel
  3388 | D:3      | Reached skill level 5 in Fighting
  3388 | D:3      | Reached skill level 5 in Short Blades
  3388 | D:3      | Reached skill level 5 in Shields
  3388 | D:3      | Gained mutation: You have razor-sharp teeth. [Vine Stalker
                  | growth]
  3388 | D:3      | Reached XP level 8. HP: 19/44 MP: 5/9
  3991 | D:4      | Reached *** piety under Trog
  4184 | D:4      | Noticed Ijyb
  4190 | D:4      | Killed Ijyb
  4479 | D:5      | Entered Level 5 of the Dungeon
  4814 | D:5      | Reached skill level 6 in Fighting
  4832 | D:5      | Reached skill level 1 in Dodging
  5416 | D:6      | Reached XP level 9. HP: 49/49 MP: 10/10
  6731 | D:7      | Found a staircase to the Ecumenical Temple.
  6754 | Temple   | Entered the Ecumenical Temple
  6793 | D:7      | Reached skill level 7 in Fighting
  7070 | D:8      | Killed a large slime creature
  7071 | D:8      | Reached XP level 10. HP: 55/55 MP: 11/11
  7158 | D:8      | Reached **** piety under Trog
  7211 | D:8      | Found a flagged portal.
  7231 | Bailey   | Entered a bailey
  7285 | Bailey   | Reached skill level 8 in Fighting
  7414 | Bailey   | Noticed a vault guard
  7421 | Bailey   | Killed a vault guard
  7505 | Bailey   | Noticed a vault guard
  7505 | Bailey   | Noticed Prince Ribbit
  7511 | Bailey   | Killed Prince Ribbit
  7512 | Bailey   | Reached skill level 9 in Fighting
  7517 | Bailey   | Killed a vault guard
  7578 | Bailey   | Reached XP level 11. HP: 62/62 MP: 12/12
  7751 | D:8      | Reached ***** piety under Trog
  8262 | D:9      | Noticed a two-headed ogre
  8269 | D:9      | Killed a two-headed ogre
  8270 | D:9      | Reached skill level 10 in Fighting
  8270 | D:9      | Reached skill level 10 in Short Blades
  8418 | D:9      | Received a gift from Trog
  8484 | D:9      | Noticed a two-headed ogre
  8494 | D:9      | Killed a two-headed ogre
  8555 | D:9      | Noticed a manticore
  8563 | D:9      | Killed a manticore
  8856 | D:9      | Found an ornate altar of the Wu Jian Council.
  8954 | D:10     | Entered Level 10 of the Dungeon
  8999 | D:10     | Found a staircase to the Orcish Mines.
  9184 | D:10     | Noticed a two-headed ogre
  9185 | D:10     | Noticed Erolcha
  9188 | D:10     | Killed a two-headed ogre
  9189 | D:10     | Reached skill level 11 in Fighting
  9198 | D:10     | Killed Erolcha
  9199 | D:10     | Reached skill level 5 in Armour
  9270 | D:10     | Reached XP level 12. HP: 70/70 MP: 4/13
  9361 | D:10     | You fall into a shaft and drop 1 floor!
  9362 | D:11     | Found a staircase to the Lair.
  9874 | D:11     | Noticed Harold
  9887 | D:11     | Killed Harold
 10014 | D:11     | Reached skill level 12 in Fighting
 10412 | Lair:1   | Entered Level 1 of the Lair of Beasts
 10642 | Lair:1   | Noticed Nergalle
 10650 | Lair:1   | Killed Nergalle
 10991 | Lair:1   | Noticed Fannar
 11002 | Lair:1   | Killed Fannar
 11152 | Lair:1   | Noticed a four-headed hydra
 11162 | Lair:1   | Killed a four-headed hydra
 11592 | Lair:2   | Reached skill level 1 in Evocations
 11900 | Lair:2   | Reached XP level 13. HP: 76/76 MP: 4/14
 12079 | Lair:2   | Reached skill level 13 in Fighting
 12559 | Lair:3   | Received a gift from Trog
 12849 | Lair:3   | Found a staircase to the Swamp.
 13826 | Lair:4   | Reached skill level 5 in Evocations
 13924 | Lair:4   | Found a stormy altar of Qazlal.
 15037 | Lair:4   | Found a staircase to the Snake Pit.
 15509 | Lair:5   | Noticed Rupert
 15521 | Lair:5   | Killed Rupert
 15522 | Lair:5   | Reached skill level 14 in Fighting
 15904 | Lair:5   | Reached XP level 14. HP: 84/84 MP: 8/15
 15927 | Lair:5   | Found a viscous altar of Jiyva.
 15928 | Lair:5   | Found a staircase to the Slime Pits.
 16146 | Lair:5   | Reached skill level 10 in Armour
 16497 | Lair:6   | Entered Level 6 of the Lair of Beasts
 16845 | Lair:5   | Received a gift from Trog
 17814 | Lair:6   | Reached skill level 15 in Fighting
 18641 | Lair:6   | Identified the +7 rapier of Imminent Death {flame, rC+ rN++
                  | Dex-4} (Trog gifted it to you on level 6 of the Lair of
                  | Beasts)
 18641 | Lair:6   | Received a gift from Trog
 18832 | Lair:6   | Found a corrupted altar of Lugonu.
 18832 | Lair:6   | Found a one-way gate to the infinite horrors of the Abyss.
 19930 | Orc:1    | Entered Level 1 of the Orcish Mines
 20188 | Orc:1    | You fall into a shaft and drop 1 floor!
 20188 | Orc:2    | Entered Level 2 of the Orcish Mines
 20484 | Orc:1    | Reached XP level 15. HP: 90/90 MP: 7/16
 20761 | Orc:2    | Reached ****** piety under Trog
 20949 | Orc:2    | Found Jopocloc's Distillery.
 20959 | Orc:2    | Bought a potion of flight for 33 gold pieces
 21273 | Orc:1    | Received a gift from Trog
 21717 | Orc:2    | Noticed an orc warlord
 21746 | Orc:2    | Killed an orc warlord
 21910 | Orc:2    | Found Kebif's Antique Armour Emporium.
 21912 | Orc:2    | Found Licocag's Antique Weapon Shoppe.
 22108 | Orc:2    | Found Feapriaq's Weapon Shoppe.
 22334 | Orc:2    | Found a staircase to the Elven Halls.
 22822 | Snake:1  | Entered Level 1 of the Snake Pit
 22974 | Snake:1  | Found Zonann's General Store.
 22975 | Snake:1  | Found Jalics's Specific Store.
 22997 | Snake:1  | Noticed Aizul
 23018 | Snake:1  | Killed Aizul
 23044 | Snake:1  | Reached skill level 16 in Fighting
 23064 | Snake:1  | HP: 3/91 [naga sharpshooter/bolt (6)]
 23066 | Snake:1  | Succumbed to a naga's splash of poison

Illustrated notes

Levels and vault maps discovered:
D:1:      ldierk_water_garden, layout_basic,
          hellmonk_ecumenical_altar_inner_sanctum, minmay_indecisive_spiral
D:2:      layout_loops_ring, st_stairs_4, supply_closet_lemuel, minivault_4,
          uniq_terence, uniq_natasha
D:3:      minmay_thinvault, layout_basic
D:4:      layout_loops_ring, uniq_ijyb, uniq_pikel
D:5:      layout_loops_ring
D:6:      layout_cave_pools
D:7:      layout_basic, minmay_temple_entry_overgrown, st_stairs_10
D:8:      layout_rooms, lightli_bailey_entry_fortress
D:9:      minmay_diamond_stairs, layout_cave_pools, nzn_wu_jian_council_hall
D:10:     layout_irregular_city, zombieorc2_lemuel, moated_statue, uniq_erolcha
D:11:     layout_grid_maze, david_lair_generic, uniq_harold
Temple:   mainiacjoe_temple_trianglar_array
Lair:1:   layout_regular_city, grunt_forest_small_clearing_treed,
          infiniplex_staircase_pool_2, uniq_nergalle, uniq_fannar
Lair:2:   minmay_lair_venomous_thicket, layout_gridlike
Lair:3:   layout_misc_corridors, palyth_hydra_swamp_entry,
          nicolae_lair_run_with_the_wolves
Lair:4:   layout_cave_pods, dummy_snake_entry, lemuel_centaur_altar,
          lemuel_fruit_tree
Lair:5:   layout_concentric_octagons, slime_altar_1, hibernation_bobbens,
          uniq_rupert
Lair:6:   hellmonk_lair_end_abyssal_woods, layout_hall_layers,
          hangedman_lair_generics_rect, grunt_megastairs_2
Snake:1:  layout_misc_corridors, nicolae_specific_store,
          nicolae_snake_lava_pool, uniq_aizul
Orc:1:    layout_caves
Orc:2:    grunt_orc_community_town_hall, layout_caves,
          grunt_orc_community_big_house_1, grunt_orc_community_big_house_1,
          grunt_orc_community_house_2, grunt_orc_community_house_3,
          grunt_orc_community_house_3, grunt_orc_community_house_3,
          mines3_lemuel

Skill      XL: |  1  2  3  4  5  6  7  8  9 10 11 12 13 14 15 |
---------------+----------------------------------------------+-----
Short Blades   | 2 3 4 5 6 7 9 10 | 10.5
Shields        | 3 4 5 6 |  6.0
Fighting       | 3 4 5 6 7 9 11 12 14 15 16 | 16.0
Dodging        | 1 4 |  4.0
Armour         | 3 4 5 8 9 11 12 | 12.1
Evocations     | 2 5 6 8 |  8.0

Action                   |  1- 3 |  4- 6 |  7- 9 | 10-12 | 13-15 || total
-------------------------+-------+-------+-------+-------+-------++-------
Melee: Rapier            |    48 |       |       |       |       ||    48
       Bite              |    29 |    27 |    55 |   167 |   380 ||   658
       Short sword       |    38 |       |       |       |       ||    38
       Dagger            |    39 |   118 |   152 |   186 |       ||   495
       Quick blade       |       |       |       |   273 |   946 ||  1219
Throw: Dart              |       |     1 |     1 |     4 |     2 ||     8
       Boomerang         |       |       |       |       |     9 ||     9
Invok: Berserk           |       |     1 |       |       |       ||     1
       Trog's Hand       |       |       |       |     1 |       ||     1
       Brothers in Arms  |       |       |       |       |     1 ||     1
Evoke: Wand              |       |       |     1 |       |     1 ||     2
       Phantom mirror    |       |       |       |     1 |       ||     1
  Use: Scroll            |     1 |     1 |    10 |     8 |     8 ||    28
       Potion            |       |       |       |       |     3 ||     3
Armor: Scale mail        |    42 |    28 |    14 |       |       ||    84
       Chain mail        |       |       |    25 |    34 |    33 ||    92
       Plate armour      |       |       |       |    37 |   214 ||   251
Dodge: Dodged            |    68 |    40 |    39 |    73 |   124 ||   344
Block: Buckler           |    36 |    10 |    34 |    53 |   113 ||   246

Table legend: (Time is in decaauts)
 A = Elapsed time spent in this place.
 B = Non-inter-level travel time spent in this place.
 C = Inter-level travel time spent in this place.
 D = Time resting spent in this place.
 E = Time spent auto-exploring this place.
 F = Levels seen in this place.
 G = Mean time per level.
                   A        B        C        D        E       F      G
               +--------+--------+--------+--------+--------+-----+--------+
         Total |  24152 |  23147 |   1005 |   8324 |   9483 |  22 | 1097.8 |
       Dungeon |  11345 |  10891 |    454 |   3117 |   5075 |  11 | 1031.4 |
        Temple |      1 |      1 |      0 |      0 |      0 |   1 |    1.0 |
          Lair |   9285 |   8865 |    420 |   3627 |   3652 |   6 | 1547.5 |
     Snake Pit |    198 |    198 |      0 |     25 |     99 |   1 |  198.0 |
  Orcish Mines |   2830 |   2701 |    129 |   1300 |    594 |   2 | 1415.0 |
        Bailey |    491 |    491 |      0 |    253 |     63 |   1 |  491.0 |
               +--------+--------+--------+--------+--------+-----+--------+

Top non-repeatable levels by time:
  Lair:6: 2376 daAuts
   Orc:2: 1981 daAuts
  Lair:4: 1801 daAuts
  Lair:5: 1676 daAuts
     D:3: 1366 daAuts
     D:1: 1326 daAuts
  Lair:3: 1241 daAuts
  Lair:1: 1178 daAuts
    D:11: 1104 daAuts
     D:4: 1087 daAuts
    D:10: 1028 daAuts
  Lair:2: 1011 daAuts
     D:2: 946 daAuts
     D:5: 945 daAuts
     D:9: 932 daAuts
